 Dungeon Crawl Stone Soup version 0.28-a0-203-gf40de95187 (webtiles) character file.

Game seed: 4117919183380293002

48 Arne the Gusty (level 3, -1/19 HPs)
             Began as a Tengu Air Elementalist on Aug 20, 2021.
             Killed from afar by Natasha (10 damage)
             ... with a magic dart
             ... on level 2 of the Dungeon.
             The game lasted 00:08:25 (813 turns).

Arne the Gusty (Tengu Air Elementalist)              Turns: 813, Time: 00:08:27

Health: -1/19      AC:  2    Str:  8    XL:     3   Next: 72%
Magic:  3/7        EV: 12    Int: 15    God:
Gold:   30         SH:  0    Dex: 15    Spells: 5/6 levels left

rFire   . . .      SeeInvis .   f - +0 dagger
rCold   . . .      Faith    .   (no shield)
rNeg    . . .      Spirit   .   a - +0 robe
rPois   .          Reflect  .   (helmet restricted)
rElec   .          Harm     .   (no cloak)
rCorr   .          Rampage  .   (no gloves)
Will    .....                   (boots unavailable)
Stlth   ++........              (no amulet)
HPRegen 0.06/turn               (no ring)
MPRegen 0.10/turn               (no ring)

@: no status effects
A: beak, talons 3
a: no special abilities


You were on level 2 of the Dungeon.
You visited 1 branch of the dungeon, and saw 2 of its levels.

You collected 30 gold pieces.

Inventory:

Hand Weapons
 f - a +0 dagger (weapon)
Armour
 a - a +0 robe (worn)
Jewellery
 c - a ring of ice
 e - a ring of resist corrosion
Scrolls
 g - 2 scrolls of identify {unknown}
 h - 2 scrolls of torment {unknown}
Potions
 b - a potion of cancellation {unknown}
 d - a potion of lignification {unknown}


   Skills:
 + Level 2.5 Dodging
 + Level 2.2 Stealth
 + Level 0.5 Unarmed Combat
 + Level 2.4 Spellcasting
 + Level 1.6 Conjurations
 + Level 5.0 Air Magic


You had 5 spell levels left.
You knew the following spells:

 Your Spells              Type           Power      Damage    Failure   Level
a - Shock                 Conj/Air       44%        1d5       5%          1

Your spell library contained the following spells:

 Spells                   Type           Power      Damage    Failure   Level
 Static Discharge         Conj/Air       11%        N/A       9%          2
 Swiftness                Air            16%        N/A       9%          3
 Airstrike                Air            8%         N/A       26%         4
 Tukima's Dance           Hex            1%         N/A       54%         3
 Passage of Golubria      Tloc           N/A        N/A       91%         4
 Yara's Violent Unravell  Hex/Tmut       0%         3d3       99%         5


Dungeon Overview and Level Annotations

Branches:
Dungeon (2/15)

Altars:

Annotations:
D:2 Natasha


Innate Abilities, Weirdness & Mutations

You have a beak for a mouth.
You have claws for feet.


Message History

The floor.
Natasha is nearby!
Casting: Shock (safe; 6% risk of failure)
Confirm with . or Enter, or press ? or * to list all spells.
Aiming: Shock (safe; 6% risk of failure)
Press: ? - help, Shift-Dir - straight line, p - Natasha The zap misses Natasha.
The zap hits Natasha.
You kill Natasha!
Natasha screams in fury as she dies!
Your Air Magic skill increases to level 5!
You have reached level 3!
Your experience leads to an increase in your attributes!
Increase (S)trength, (I)ntelligence, or (D)exterity?
You feel agile.
A goblin comes into view. It is wielding a +0 club.
The goblin shouts!
The goblin hits you with a +0 club.
You barely miss the goblin. Your kick misses the goblin.
The goblin hits you with a +0 club.
You hit the goblin.
The goblin is heavily wounded.
The goblin hits you with a +0 club.
You closely miss the goblin. You claw the goblin.
You kill the goblin!
You see here a +0 club.
Found a scroll labelled NOWUPR ONUESUI.
Natasha, Servant of Life and Death comes into view.
You see here a scroll labelled NOWUPR ONUESUI.
h - 2 scrolls labelled NOWUPR ONUESUI (gained 1) Natasha hisses angrily.
Casting: Shock (safe; 5% risk of failure)
Confirm with . or Enter, or press ? or * to list all spells.
Aiming: Shock (safe; 5% risk of failure)
Press: ? - help, Shift-Dir - straight line, f - Natasha
Aim: Natasha (60% to hit)
The zap misses Natasha.
Natasha stares at you and mumbles some strange words.
The magic dart hits you!
Ouch! That really hurt!
You die...

#... #..# #.h#
#..# #..# #..#
# ########..#.#
#........@..#
#)######..###
#.# #......
#.######.#.....
#.....##.#.####
#####.##.#.#
####.##.#.#
#....##.#.#
#.#####.#(#


You could see Natasha.

Vanquished Creatures
  Natasha (D:2)
  2 ball pythons (D:1)
  2 bats (D:1)
  3 endoplasms
  A giant cockroach (D:1)
  2 goblins (D:2)
  4 hobgoblins (D:1)
  A quokka (D:1)
  3 frilled lizards (D:1)
  A kobold (D:2)
  A rat (D:1)
21 creatures vanquished.

Notes
Turn   | Place    | Note
-------+----------+-------------------------------------------
     0 | D:1      | Arne the Tengu Air Elementalist began the quest for the
                  | Orb.
     0 | D:1      | Reached XP level 1. HP: 10/10 MP: 4/4
   176 | D:1      | Reached XP level 2. HP: 15/15 MP: 1/6
   784 | D:2      | Noticed Natasha
   789 | D:2      | Killed Natasha
   790 | D:2      | Reached skill level 5 in Air Magic
   790 | D:2      | Reached XP level 3. HP: 15/19 MP: 2/7
   809 | D:2      | Noticed Natasha
   813 | D:2      | Killed from afar by Natasha

Illustrated notes

Levels and vault maps discovered:
D:1:      amcnicky_arrival_gap_in_the_tavern_cellar, layout_loops_ring
D:2:      layout_basic, serial_shops, shop, shapermc_ecumenical_altar_rom_forum,
          uniq_natasha, uniq_terence, uniq_crazy_yiuf_cottage

Skill      XL: |  1  2 |
---------------+-------+-----
Air Magic      | 5 |  5.0
Dodging        | |  2.5
Stealth        | |  2.2
Unarmed Combat | |  0.5
Spellcasting   | |  2.4
Conjurations   | |  1.6

Action                   || total
-------------------------++-------
Melee: Unarmed           ||    20
       Peck              ||     3
       Kick              ||     4
       Dagger            ||     4
 Cast: Shock             ||    34
 Stab: Sleeping          ||     1
Armor: Robe              ||     5
Dodge: Dodged            ||    28

Table legend: (Time is in decaauts)
 A = Elapsed time spent in this place.
 B = Non-inter-level travel time spent in this place.
 C = Inter-level travel time spent in this place.
 D = Time resting spent in this place.
 E = Time spent auto-exploring this place.
 F = Levels seen in this place.
 G = Mean time per level.
                   A        B        C        D        E       F      G
               +--------+--------+--------+--------+--------+-----+--------+
         Total |    812 |    812 |      0 |      0 |    187 |   2 |  406.0 |
       Dungeon |    812 |    812 |      0 |      0 |    187 |   2 |  406.0 |
               +--------+--------+--------+--------+--------+-----+--------+

Top non-repeatable levels by time:
     D:1: 619 daAuts
     D:2: 193 daAuts
